 Dungeon Crawl Stone Soup version 0.28.0-43-g3370ac3207 (webtiles) character file.

Game seed: 10640532628303630996

4191 pkoi the Destroyer (level 10, -10/56 HPs)
             Began as an Octopode Conjurer on Mar 17, 2022.
             Was a Follower of Sif Muna.
             Mangled by a death yak (14 damage)
             ... on level 7 of the Dungeon.
             The game lasted 00:16:25 (12320 turns).

pkoi the Destroyer (Octopode Conjurer)             Turns: 12320, Time: 00:16:25

Health: -10/56     AC:  1    Str:  6      XL:     10   Next: 29%
Magic:  27/27      EV: 13    Int: 34      God:    Sif Muna [*.....]
Gold:   169        SH:  0    Dex:  8 (10) Spells: 9/20 levels left

rFire   + . .      SeeInvis .   f - staff of conjuration
rCold   . . .      Faith    .   (no shield)
rNeg    . . .      Spirit   .   (helmet restricted)
rPois   .          Reflect  .   i - amulet of magic regeneration
rElec   .          Harm     .   g - +6 ring of intelligence
rCorr   .          Rampage  .   o - ring of magical power
Will    .....                   (no ring)
Stlth   +++.......              (no ring)
HPRegen 0.18/turn               (no ring)
MPRegen 0.60/turn               (no ring)
                                (no ring)
                                (no ring)

@: slowed, very slow
A: almost no armour, amphibious, 8 rings, camouflage 1, gelatinous body 1,
(nimble swimmer 1), tentacles, clever 1, deterioration 1, fire resistance 1
a: Renounce Religion, Channel Magic


You were on level 7 of the Dungeon.
You worshipped Sif Muna.
Sif Muna was aware of your devotion.
You visited 2 branches of the dungeon, and saw 9 of its levels.
You also visited: Bailey.

You collected 389 gold pieces.
You spent 220 gold pieces at shops.

Inventory:

Hand Weapons
 a - a +1 short sword of freezing
 e - a +1 dagger of speed
Missiles
 h - 6 throwing nets
Magical Staves
 f - a staff of conjuration (weapon)
Jewellery
 g - a +6 ring of intelligence (left tentacle)
 i - an amulet of magic regeneration (around mantle)
 o - a ring of magical power (right tentacle)
 s - an amulet of the acrobat
Wands
 q - a wand of mindburst (22)
 u - a wand of iceblast (6)
 w - a wand of acid (6)
Scrolls
 k - a scroll of identify
 m - a scroll of enchant weapon
 t - 2 scrolls of teleportation
Potions
 b - a potion of lignification
 c - a potion of curing
 d - 4 potions of attraction
 j - 3 potions of brilliance
 l - 2 potions of heal wounds {unknown}
 n - a potion of cancellation {unknown}
 p - a potion of magic {unknown}
 r - 2 potions of might {unknown}
Miscellaneous
 v - a lightning rod (4/4)


   Skills:
 - Level 2.0 Dodging
 - Level 2.6 Stealth
 + Level 5.5 Spellcasting
 - Level 9.0 Conjurations
 + Level 4.4 Hexes
 - Level 7.9 Translocations
 + Level 4.6 Invocations
 - Level 3.5 Evocations


You had 9 spell levels left.
You knew the following spells:

 Your Spells              Type           Power      Damage    Failure   Level
a - Magic Dart            Conj           100%       1d8       1%          1
b - Searing Ray           Conj           100%       2d8       1%          2
c - Iskenderun's Mystic   Conj/Tloc      79%        2d16      1%          4
d - Fulminant Prism       Conj/Hex       35%        3d18      2%          4

Your spell library contained the following spells:

 Spells                   Type           Power      Damage    Failure   Level
 Static Discharge         Conj/Air       56%        N/A       1%          2
 Dazzling Flash           Conj/Hex       100%       N/A       1%          3
 Sublimation of Blood     Necr           9%         N/A       6%          2
 Wereblood                Tmut           9%         N/A       6%          2
 Sticky Flame             Conj/Fire      56%        2d7       7%          4
 Dispel Undead            Necr           9%         3d8       38%         4
 Summon Hydra             Summ           4%         N/A       100%        7


Dungeon Overview and Level Annotations

Branches:
Dungeon (8/15)             Temple (1/1) D:7            Lair (0/6) D:8
 Bailey (visited)

Altars:
Ashenzari
Cheibriados
Dithmenos
Elyvilon
Fedhas
Gozag
Hepliaklqana
Kikubaaqudgha
Makhleb
Nemelex Xobeh
Okawaru
Qazlal
Ru
Sif Muna
Trog
Uskayaw
Vehumet
Wu Jian
Xom
Yredelemnul
Zin

Shops:
D:4 =

Annotations:
D:7 2 transporters, crimpus's ghost, novice MiBe


Innate Abilities, Weirdness & Mutations

You cannot wear most types of armour.
You are amphibious.
You can wear up to eight rings at the same time.
Your skin changes colour to match your surroundings (Stealth+).
Your rubbery body absorbs attacks. (AC +1, EV +1)
((You are camouflaged when in or above water. (Stealth+)))
You have tentacles for arms and can constrict up to eight enemies at once.
Your mind is acute. (Int +2)
Your body sometimes deteriorates upon taking damage.
Your flesh is heat resistant. (rF+)


Message History

* * * LOW HITPOINT WARNING * * *
You feel extremely sick.
Your fulminant prism crackles loudly.
Unknown command.
Unknown command.
* * * LOW HITPOINT WARNING * * *
You feel extremely sick.
Your fulminant prism explodes!
The blast of energy engulfs the death yak!!
The death yak is moderately wounded.
The blast of energy engulfs the death yak!
The death yak is moderately wounded.
The blast of energy engulfs the hell rat!
You kill the hell rat!
Sif Muna accepts your kill.
The blast of energy engulfs the river rat.
The river rat is moderately wounded.
The blast of energy engulfs the kobold brigand!!
The kobold brigand is severely wounded.
A kobold comes into view. It is wielding a +0 short sword.
Unknown command.
* * * LOW HITPOINT WARNING * * *
You feel very sick.
* * * LOW HITPOINT WARNING * * *
You feel very sick. The river rat misses you.
You feel better. The river rat closely misses you. The river rat bites you.
* * * LOW HITPOINT WARNING * * *
The death yak gores you!
* * * LOW HITPOINT WARNING * * *
There is a stone staircase leading up here.
You climb upwards.
Level annotation: 2 transporters, crimpus's ghost, novice MiBe
There is a stone staircase leading down here.
The death yak barely misses you.
Okay, then.
Unknown command.
The death yak gores you!
You die...

.# #.##.# #.# #<#
.#############..^.###.# #.#
...................##.# #.#
.###..####.####...###.# #.#
.# #..####.####...# #.# #.#
.###..............###.# #.#
............##........# #.#
#####.####..###...#########.#
#####...........@Y.>........#
.................############
##################


You could see a death yak.

Vanquished Creatures
  Pikel (D:7)
  2 trolls
  2 shadows (D:7)
  A wyvern (D:4)
  A water moccasin (D:7)
  An orc warrior (D:4)
  An ice beast (D:5)
  A sky beast (D:7)
  An ogre (D:7)
  A necrophage (D:4)
  4 wolves (Bailey)
  A lemure (D:7)
  7 gnoll sergeants (Bailey)
  A wyvern zombie (D:7)
  4 scorpions
  A wyvern skeleton (D:7)
  A crimson imp (D:5)
  6 hounds
  3 jellies
  3 orc priests (D:4)
  A bullfrog skeleton (D:7)
  8 gnoll shamans
  3 iguanas
  A centaur skeleton (D:7)
  2 orc wizards (D:4)
  A hell rat (D:8)
  A howler monkey skeleton (D:5)
  17 gnolls
  3 adders
  A shadow imp (D:6)
  2 white imps
  2 adder skeletons (D:4)
  3 worms
  4 dart slugs
  13 orcs
  6 ball pythons
  6 bats
  9 endoplasms
  4 giant cockroaches
  14 goblins
  10 hobgoblins
  2 jackals (D:3)
  12 kobolds
  7 quokkas
  6 frilled lizards
  5 rats
186 creatures vanquished.

Vanquished Creatures (others)
  29 fulminant prisms
29 creatures vanquished.

Grand Total: 215 creatures vanquished

Notes
Turn   | Place    | Note
-------+----------+-------------------------------------------
     0 | D:1      | pkoi the Octopode Conjurer began the quest for the Orb.
     0 | D:1      | Reached XP level 1. HP: 11/11 MP: 3/3
   337 | D:1      | Reached XP level 2. HP: 17/17 MP: 0/5
   498 | D:1      | Found a faded altar of an unknown god.
   810 | D:1      | Reached XP level 3. HP: 21/21 MP: 0/6
  1044 | D:1      | Reached skill level 5 in Conjurations
  1510 | D:2      | Gained mutation: Your body sometimes deteriorates upon
                  | taking damage. [potion of mutation]
  1510 | D:2      | Gained mutation: Your flesh is heat resistant. (rF+)
                  | [potion of mutation]
  1510 | D:2      | Gained mutation: Your mind is acute. (Int +2) [potion of
                  | mutation]
  1636 | D:2      | Learned a level 2 spell: Searing Ray
  2077 | D:2      | Reached XP level 4. HP: 27/27 MP: 4/7
  3103 | D:3      | Reached skill level 6 in Conjurations
  3213 | D:3      | Learned a level 4 spell: Iskenderun's Mystic Blast
  3636 | D:3      | Reached XP level 5. HP: 31/31 MP: 2/8
  3885 | D:3      | Reached skill level 1 in Translocations
  4438 | D:4      | Found Foucs's Jewellery Boutique.
  4482 | D:4      | Reached XP level 6. HP: 36/36 MP: 5/9
  4685 | D:4      | Noticed a wyvern
  4709 | D:5      | Entered Level 5 of the Dungeon
  4860 | D:5      | Reached skill level 7 in Conjurations
  5114 | D:5      | Reached XP level 7. HP: 41/41 MP: 7/10
  5650 | D:4      | Killed a wyvern
  5651 | D:4      | Reached skill level 5 in Translocations
  5970 | D:5      | Found a stormy altar of Qazlal.
  6027 | D:5      | Found an iron altar of Okawaru.
  6027 | D:5      | Found a snail-covered altar of Cheibriados.
  6199 | D:4      | Bought a ring of magical power for 220 gold pieces
  6398 | D:4      | Reached XP level 8. HP: 24/46 MP: 7/11
  6569 | D:4      | Reached skill level 1 in Evocations
  7421 | D:5      | Found a white marble altar of Elyvilon.
  7423 | D:5      | Found a faded altar of an unknown god.
  7425 | D:5      | Found a sacrificial altar of Ru.
  8152 | D:6      | Noticed a troll
  8154 | D:6      | Killed a troll
  8305 | D:6      | Learned a level 4 spell: Fulminant Prism
  9185 | D:7      | Reached skill level 8 in Conjurations
  9185 | D:7      | Reached skill level 1 in Hexes
  9185 | D:7      | Reached XP level 9. HP: 51/51 MP: 14/14
  9304 | D:7      | Found a staircase to the Ecumenical Temple.
  9314 | Temple   | Entered the Ecumenical Temple
  9476 | Temple   | Became a worshipper of Sif Muna the Loreminder
  9653 | D:7      | Noticed Pikel
  9777 | D:7      | Reached skill level 1 in Invocations
 10249 | D:7      | Killed Pikel
 10510 | D:7      | Found a transporter.
 10511 | D:7      | Noticed crimpus's ghost (novice MiBe)
 10512 | D:7      | Identified the +8 great mace of Might {drain, rN+++ Will-
                  | Str+4 Int+4}
 10517 | D:7      | Found a transporter.
 10650 | D:8      | Noticed a death yak
 10672 | D:8      | Found a glowing silver altar of Zin.
 10746 | D:8      | Found a flagged portal.
 10755 | D:8      | Noticed a troll
 10761 | Bailey   | Entered a bailey
 11151 | Bailey   | Reached * piety under Sif Muna
 11152 | Bailey   | Reached skill level 5 in Spellcasting
 11152 | Bailey   | Reached XP level 10. HP: 56/56 MP: 15/17
 11364 | Bailey   | Reached skill level 9 in Conjurations
 12301 | D:8      | Noticed a death yak
 12320 | D:7      | Mangled by a death yak

Illustrated notes

Levels and vault maps discovered:
D:1:      minmay_arrival_four_loops, layout_basic,
          ebering_ecumenical_altar_mist, grunt_decor_mini_mirrors
D:2:      wad_crossroads, layout_basic, minmay_fractal_squares_gapless_5
D:3:      layout_basic, grunt_decor_junction
D:4:      layout_basic, serial_shops, shop_statue, st_stairs_11,
          grunt_tough_drop
D:5:      layout_rooms, lemuel_tele_altar, chequers_temple_overflow_minitemple,
          minmay_fire_ice_demons
D:6:      layout_basic, minmay_microvault
D:7:      layout_loops_ring, minmay_temple_entry_grid, gammafunk_ghost_smash,
          uniq_pikel
D:8:      minmay_bloctagon_deflated, layout_loops_ring,
          overflow_temple_1_default, zin_statuary, dpeg_lair_monsters,
          gammafunk_ghost_split, enter_bailey_5, kennysheep_generic_room_4
Temple:   regret_index_temple_waves

Skill      XL: |  1  2  3  4  5  6  7  8  9 10 |
---------------+-------------------------------+-----
Conjurations   | 5 6 7 8 9 |  9.0
Translocations | 2 3 5 6 7 |  7.9
Evocations     | 3 |  3.5
Spellcasting   | 3 5 |  5.5
Hexes          | 1 3 4 |  4.4
Invocations    | 3 4 |  4.6
Dodging        | |  2.0
Stealth        | |  2.6

Action                   |  1- 3 |  4- 6 |  7- 9 | 10-12 || total
-------------------------+-------+-------+-------+-------++-------
Melee: Unarmed           |     2 |       |       |       ||     2
       Short sword       |     8 |       |       |       ||     8
       Constrict         |     1 |     2 |       |       ||     3
       Dagger            |       |     8 |       |       ||     8
       Tentacles         |       |     1 |     1 |       ||     2
       Staff             |       |       |     1 |       ||     1
 Cast: Magic Dart        |    66 |   132 |   117 |    25 ||   340
       Searing Ray       |       |     2 |     3 |       ||     5
       Iskenderun's Myst |       |     1 |    49 |    12 ||    62
       Fulminant Prism   |       |       |    11 |    18 ||    29
  Use: Scroll            |     2 |     7 |     4 |       ||    13
       Potion            |     1 |       |       |     1 ||     2
Armor: Skin              |       |     1 |       |       ||     1
Dodge: Dodged            |     9 |    16 |    18 |    10 ||    53
